 Dungeon Crawl Stone Soup version 0.18.1-48-g4cf74bf (webtiles) character file.

16226 Peloso the Blocker (level 12, -5/106 HPs)
             Began as a Minotaur Fighter on July 9, 2016.
             Was a High Priest of Okawaru.
             Slain by a polar bear (12 damage)
             ... in an ice cave.
             The game lasted 00:35:58 (11836 turns).

Peloso the Blocker (Minotaur Fighter)              Turns: 11836, Time: 00:35:59

Health: -5/106     AC: 28    Str: 28    XL:     12   Next: 8%
Magic:  12/12      EV: 11    Int:  9    God:    Okawaru [*****.]
Gold:   91         SH: 14    Dex: 14    Spells: 0 memorised, 11 levels left

rFire  . . .     SeeInvis .     V - +0 falchion (protect)
rCold  + + .     Gourm    .     h - +3 plate armour
rNeg   . . .     Faith    +     c - +0 shield
rPois  .         Spirit   .     (helmet restricted)
rElec  .         Dismiss  .     y - +0 cloak
rCorr  .         Reflect  .     d - +1 pair of gloves
SustAt .         Harm     .     x - +0 pair of boots
MR     .....                    S - amulet of faith
Stlth  ..........               b - ring of ice
                                k - ring "Wioch" {rF+ rC+ Str+4 Int+4}

@: not resistant to hostile enchantments, extremely unstealthy
A: retaliatory headbutt, horns 2, agile 1
a: Heroism, Finesse, Renounce Religion


You were in an ice cave.
You worshipped Okawaru.
Okawaru was extremely pleased with you.
You were not hungry.

You visited 1 branch of the dungeon, and saw 12 of its levels.
You also visited: Ice Cave.

You collected 691 gold pieces.
You spent 600 gold pieces at shops.

Inventory:

Hand Weapons
 a - a +1 long sword
 D - the +0 long sword of Karma {slice, MR+++}
   (You found it on level 6 of the Dungeon)

   It inflicts extra damage upon your enemies.
   It affects your resistance to hostile enchantments.
 G - a +3 falchion
 R - the +8 whip of Miesyj {slash, *Rage rF+ Int+4}
   (You found it on level 9 of the Dungeon)

   It inflicts extra damage upon your enemies.
   It affects your intelligence (+4).
   It protects you from fire.
   It may make you go berserk in combat.
 V - a +0 falchion of protection (weapon)
Armour
 c - a +0 shield (worn)
 d - a +1 pair of gloves (worn)
 h - a +3 plate armour (worn)
 r - the +0 ring mail "Jusuek" {rN+ rCorr Dex-3}
   (You found it on level 4 of the Dungeon)

   It affects your dexterity (-3).
   It protects you from negative energy.
   It protects you from acid and corrosion.
 x - a +0 pair of boots (worn)
 y - a +0 cloak (worn)
Jewellery
 b - a ring of ice (right hand)
 e - an uncursed amulet of regeneration
 i - an uncursed amulet of the gourmand
 k - the ring "Wioch" (left hand) {rF+ rC+ Str+4 Int+4}
   (You found it on level 10 of the Dungeon)

   [ring of protection from fire]

   It affects your strength (+4).
   It affects your intelligence (+4).
   It protects you from fire.
   It protects you from cold.
 o - a +4 ring of intelligence
 w - an uncursed ring of protection from cold
 O - an uncursed amulet of guardian spirit
 S - an amulet of faith (around neck)
Wands
 s - a wand of paralysis (11/24)
 N - a wand of digging (16/24)
 Q - a wand of iceblast (8/15)
 T - a wand of iceblast (7/15)
 X - a wand of hasting (6/9)
 Z - a wand of confusion (17/48)
Scrolls
 g - 4 scrolls of identify
 n - 2 scrolls of enchant weapon
 q - 4 scrolls of teleportation
 v - 2 scrolls of fog
 A - 4 scrolls of amnesia
 J - 4 scrolls of recharging
 M - a scroll of remove curse
Potions
 j - 3 potions of might
 l - 2 potions of haste
 t - 2 potions of agility
 z - 2 potions of brilliance
 E - 2 potions of curing
 K - a potion of invisibility
Books
 u - a book of the Dragon

   Spells                             Type                      Level
   a - Flame Tongue                   Conjuration/Fire             1
   b - Cause Fear                     Hexes                        4
   c - Bolt of Fire                   Conjuration/Fire             6
   d - Dragon Form                    Transmutation                7
   e - Dragon's Call                  Summoning                    9
 B - a book of Annihilations

   Spells                             Type                      Level
   a - Poison Arrow                   Conjuration/Poison           6
   b - Chain Lightning                Conjuration/Air              8
   c - Lehudib's Crystal Spear        Conjuration/Earth            8
   d - Glaciate                       Conjuration/Ice              9
   e - Fire Storm                     Conjuration/Fire             9
 F - a book of Party Tricks

   Spells                             Type                      Level
   a - Summon Butterflies             Summoning                    1
   b - Apportation                    Translocation                1
   c - Tukima's Dance                 Hexes                        3
   d - Alistair's Intoxication        Transmutation/Poison         5
   e - Invisibility                   Hexes                        6
 U - a book of Enchantments

   Spells                             Type                      Level
   a - Cause Fear                     Hexes                        4
   b - Yara's Violent Unravelling     Hexes/Transmutation          5
   c - Silence                        Hexes/Air                    5
   d - Deflect Missiles               Charms/Air                   6
   e - Haste                          Charms                       6
   f - Discord                        Hexes                        8
Comestibles
 f - 12 bread rations
 m - 7 fruits
 p - 9 meat rations
 H - 2 slices of pizza
 I - 3 beef jerkies
 P - a royal jelly


   Skills:
 + Level 10.3 Fighting
 + Level 11.3 Long Blades
 + Level 10.5 Armour
 + Level 7.9 Dodging
 + Level 1.8 Stealth
 + Level 12.7 Shields
 + Level 1.9 Invocations
 + Level 0.5 Evocations


You had 11 spell levels left.
You didn't know any spells.

Dungeon Overview and Level Annotations

Branches:
Dungeon (12/15)            Temple (0/1) D:6            Lair (0/8) D:11
    Orc (0/2) D:11

Altars:
Elyvilon
Kikubaaqudgha
Okawaru
Ru
Sif Muna
Xom
The Shining One
Beogh

Shops:
D:5 [   D:6 =


Innate Abilities, Weirdness & Mutations

You reflexively headbutt those who attack you in melee.
You have a pair of horns on your head.
You are agile. (Dex +2)


Message History

* * * LOW HITPOINT WARNING * * *
You hit the polar bear but do no damage.
The polar bear is almost dead.
You block the polar bear's attack. x3; The polar bear closely misses you. x2
The polar bear claws you but does no damage.
The yak gores you.
* * * LOW HITPOINT WARNING * * *
The polar bear barely misses you. You furiously retaliate!
You headbutt the polar bear, but do no damage.
The polar bear closely misses you. x2
Read which item? (? for menu, Esc to quit)
As you read the scroll of fear, it crumbles to dust.
You assume a fearsome visage.
The yak looks frightened!
The polar bear looks frightened!
The yak looks frightened!
The polar bear bites you but does no damage.
You block the polar bear's attack. The polar bear barely misses you.
You block the polar bear's attack.
The polar bear claws you but does no damage.
You block the polar bear's attack. The polar bear bites you!
You die...

#.....##
##.#.#.####
##..#.##
##.#.#..##.
#..##.#
#..#.##....
##.#####
##.##.##...
#...#.#
#.#.######
#.##.####
#...### #
#.#####Y##
##..#.#
#..###..Y#
##...##
##.##@h.h#
##...#
#..#h#...#
###.##
##...# ..#
##.# #..##
... #†##
##.# ..#
#####.#.
###
.###..##.#.
##...#.###
#......# #
#?..#### #


You could see 3 polar bears and 2 yaks.

Vanquished Creatures
  Harold (D:10)
  Erolcha (D:12)
  A death yak (IceCv)
  A hill giant (D:7)
  A cyclops (D:12)
  A manticore (D:9)
  An ice statue (IceCv)
  A troll (D:10)
  7 polar bears (IceCv)
  Prince Ribbit (D:5)
  16 yaks
  A hippogriff (D:11)
  A hungry ghost (D:7)
  Menkaure (D:5)
  Edmund (D:4)
  A soldier ant (D:10)
  Duvessa (D:6)
  6 orc warriors
  8 ice beasts (D:12)
  4 sky beasts
  8 ogres
  A phantom (D:4)
  10 wolves (IceCv)
  7 centaurs
  11 giant frogs
  2 big kobolds
  2 wyvern zombies
  Dowan (D:6)
  A scorpion (D:4)
  9 killer bees
  4 wights (D:8)
  A howler monkey (D:4)
  2 electric eels (D:10)
  3 crimson imps
  3 jellies
  2 centaur zombies
  A giant frog zombie (D:8)
  A giant frog skeleton (D:11)
  8 orc priests
  2 centaur skeletons
  A gnoll shaman (D:9)
  7 hounds
  6 orc wizards
  Crazy Yiuf (D:4)
  4 iguanas
  8 worker ants
  2 hound skeletons
  A howler monkey zombie (D:5)
  Robin (D:4)
  A worker ant zombie (D:6)
  11 gnolls
  13 adders
  A howler monkey skeleton (D:7)
  A worm (D:3)
  A dart slug (D:3)
  7 giant geckos
  42 orcs
  5 giant cockroaches
  12 goblins
  14 hobgoblins
  4 jackals (D:1)
  13 kobolds
  2 quokkas
  3 ball pythons
  9 bats
  3 giant newts
  A quokka skeleton (D:4)
  4 rats
  2 fungi (D:4)
315 creatures vanquished.

Vanquished Creatures (others)
  An unseen horror (D:10)
1 creature vanquished.

Grand Total: 316 creatures vanquished

Notes
Turn   | Place    | Note
--------------------------------------------------------------
     0 | D:1      | Peloso the Minotaur Fighter began the quest for the Orb.
     0 | D:1      | Reached XP level 1. HP: 19/19 MP: 0/0
   167 | D:1      | Reached skill level 4 in Shields
   172 | D:1      | Reached XP level 2. HP: 26/27 MP: 1/1
   655 | D:1      | Reached XP level 3. HP: 33/33 MP: 2/2
   836 | D:1      | Found a sacrificial altar of Ru.
  1019 | D:2      | Found a glowing golden altar of the Shining One.
  1318 | D:2      | Reached skill level 1 in Dodging
  1494 | D:3      | Reached XP level 4. HP: 39/40 MP: 3/3
  1516 | D:3      | Noticed an ogre
  1522 | D:3      | Killed an ogre
  1522 | D:3      | Reached XP level 5. HP: 47/47 MP: 4/4
  1620 | D:3      | Reached skill level 5 in Armour
  1625 | D:3      | Reached skill level 5 in Shields
  1866 | D:3      | Found a faded altar to an unknown god.
  2238 | D:4      | Found an ancient bone altar of Kikubaaqudgha.
  2278 | D:3      | Reached XP level 6. HP: 51/53 MP: 5/5
  2363 | D:4      | Got a translucent ring mail
  2374 | D:4      | Identified the cursed +0 ring mail "Jusuek" {rN+ rCorr Dex-3} (You found it on level 4 of the Dungeon)
  2507 | D:4      | Reached skill level 5 in Fighting
  2507 | D:4      | Reached XP level 7. HP: 57/61 MP: 6/6
  2632 | D:4      | Noticed Robin
  2636 | D:4      | Reached skill level 6 in Shields
  2647 | D:4      | Killed Robin
  2715 | D:4      | Found an iron altar of Okawaru.
  2725 | D:4      | Became a worshipper of Warmaster Okawaru
  3171 | D:4      | Noticed Edmund
  3188 | D:4      | Killed Edmund
  3188 | D:4      | Reached skill level 5 in Long Blades
  3273 | D:4      | Noticed Crazy Yiuf
  3277 | D:4      | Killed Crazy Yiuf
  3344 | D:5      | Entered Level 5 of the Dungeon
  3359 | D:5      | Reached XP level 8. HP: 15/70 MP: 7/7
  3723 | D:5      | Found Ceodoq's Antique Armour Emporium.
  3895 | D:5      | Noticed Menkaure
  3900 | D:5      | Killed Menkaure
  3900 | D:5      | Reached * piety under Okawaru
  3903 | D:5      | Reached skill level 7 in Shields
  4212 | D:5      | Noticed Prince Ribbit
  4613 | D:5      | Killed Prince Ribbit
  4613 | D:5      | Reached skill level 5 in Dodging
  4656 | D:6      | Found a white marble altar of Elyvilon.
  4695 | D:6      | Found a deep blue altar of Sif Muna.
  4712 | D:6      | Gained mutation: You are agile. (Dex +2) [potion of beneficial mutation]
  4909 | D:6      | Found a staircase to the Ecumenical Temple.
  5011 | D:6      | Noticed Duvessa
  5011 | D:6      | Noticed Dowan
  5018 | D:6      | Killed Duvessa
  5027 | D:6      | Killed Dowan
  5052 | D:6      | Got a smoking long sword
  5057 | D:6      | Reached ** piety under Okawaru
  5057 | D:6      | Reached skill level 1 in Stealth
  5062 | D:6      | Identified the cursed +0 long sword of Karma {slice, MR+++} (You found it on level 6 of the Dungeon)
  5103 | D:6      | Found Qasuuk's Jewellery Emporium.
  5420 | D:7      | Reached XP level 9. HP: 60/78 MP: 8/8
  5655 | D:7      | Reached skill level 8 in Shields
  5793 | D:7      | Noticed a hill giant
  5806 | D:7      | Killed a hill giant
  6091 | D:8      | Reached *** piety under Okawaru
  6244 | D:8      | Found a shimmering altar of Xom.
  6244 | D:8      | Found a shimmering altar of Xom.
  6244 | D:8      | Found a shimmering altar of Xom.
  6245 | D:8      | Found a shimmering altar of Xom.
  6245 | D:8      | Found a shimmering altar of Xom.
  6297 | D:8      | Reached skill level 9 in Shields
  7163 | D:9      | Reached XP level 10. HP: 69/88 MP: 9/9
  7228 | D:9      | Got an ivory whip
  7229 | D:9      | Identified the +8 whip of Miesyj {slash, *Rage rF+ Int+4} (You found it on level 9 of the Dungeon)
  7291 | D:9      | Noticed a manticore
  7310 | D:9      | Killed a manticore
  7310 | D:9      | Reached **** piety under Okawaru
  8076 | D:10     | Entered Level 10 of the Dungeon
  8196 | D:10     | Reached skill level 10 in Shields
  8568 | D:10     | Noticed Harold
  8576 | D:10     | Killed an unseen horror
  8576 | D:10     | Reached skill level 1 in Invocations
  8607 | D:10     | Killed Harold
  9066 | D:10     | Got a crude wooden ring
  9473 | D:7      | Reached XP level 11. HP: 94/95 MP: 10/10
  9564 | D:11     | Reached ***** piety under Okawaru
  9773 | D:11     | Reached skill level 11 in Shields
  9840 | D:11     | Reached skill level 10 in Armour
  9870 | D:11     | Found a staircase to the Lair.
 10123 | D:11     | Found a staircase to the Orcish Mines.
 10125 | D:11     | Identified the ring "Wioch" {rF+ rC+ Str+4 Int+4} (You found it on level 10 of the Dungeon)
 10288 | D:6      | Bought an uncursed amulet of faith for 600 gold pieces
 10341 | D:9      | Reached skill level 10 in Long Blades
 10827 | D:11     | Found a roughly hewn altar of Beogh.
 10901 | D:12     | Noticed Erolcha
 10922 | D:12     | Killed Erolcha
 10977 | D:12     | Received a gift from Okawaru
 11029 | D:12     | Found a frozen archway.
 11054 | IceCv    | Entered an ice cave
 11089 | IceCv    | Received a gift from Okawaru
 11125 | IceCv    | Reached skill level 12 in Shields
 11362 | IceCv    | Reached skill level 10 in Fighting
 11519 | IceCv    | Noticed a death yak
 11543 | IceCv    | Killed a death yak
 11556 | IceCv    | Reached XP level 12. HP: 57/106 MP: 12/12
 11836 | IceCv    | Slain by a polar bear

Skill      XL: |  1  2  3  4  5  6  7  8  9 10 11 |
---------------+----------------------------------+-----
Shields        | 4 5 6 7 9 10 12 | 12.7
Fighting       | 4 5 6 7 8 10 | 10.3
Armour         | 4 5 6 8 9 10 | 10.5
Dodging        | 1 2 3 4 5 6 7 |  7.9
Long Blades    | 3 4 5 6 7 9 11 | 11.3
Stealth        | 1 |  1.8
Invocations    | 1 |  1.9
Evocations     | |  0.5

Action                   |  1- 3 |  4- 6 |  7- 9 | 10-12 || total
-------------------------+-------+-------+-------+-------++-------
Melee: Long sword        |    94 |   124 |   321 |    20 ||   559
       Headbutt          |    20 |    18 |    85 |   222 ||   345
       Falchion          |       |       |    86 |   742 ||   828
Invok: Heroism           |       |       |     3 |    10 ||    13
Evoke: Wand              |       |       |     2 |       ||     2
  Use: Potion            |       |     1 |     1 |       ||     2
       Scroll            |       |    11 |     6 |     6 ||    23
  Eat: Chunk             |     2 |     3 |    39 |    11 ||    55
       Fruit             |       |       |     1 |       ||     1
Armor: Scale mail        |    44 |     6 |       |       ||    50
       Chain mail        |       |    41 |    69 |    47 ||   157
       Ring mail         |       |     7 |    70 |       ||    77
       Plate armour      |       |       |       |   256 ||   256
Dodge: Dodged            |    34 |    34 |   118 |   222 ||   408
Block: Shield            |    56 |    58 |   167 |   521 ||   802
